 Dungeon Crawl Stone Soup version 0.30.0-5-g1a98f26d00 (webtiles) character file.

Game seed: 13458005966385213474

960 Foic the Covert (level 8, -5/48 HPs)
             Began as a Kobold Brigand on May 11, 2023.
             Slain by an iguana (12 damage)
             ... on level 5 of the Dungeon.
             The game lasted 00:18:53 (4002 turns).

Foic the Covert (Kobold Brigand)                    Turns: 4002, Time: 00:18:53

Health: -5/48      AC:  5    Str:  8    XL:     8   Next: 37%
Magic:  8/8        EV: 16    Int: 16    God:
Gold:   253        SH:  0    Dex: 18    Spells: 7/7 levels left

rFire   . . .        a - +2 dagger
rCold   + + +        (no shield)
rNeg    + . .        y - +0 robe "Hanoben" {Drain +Blink rC+++ Int+3}
rPois   .            (no helmet)
rElec   .            c - +0 cloak
rCorr   .            o - +0 pair of gloves
SInv    .            (no boots)
Will    .....        (no amulet)
Stlth   +++++        w - ring of positive energy
HPRegen 0.28/turn    (no ring)
MPRegen 0.11/turn

%: clarity
@: no status effects
A: small, no large weapons, nightstalker 3, clarity, shaggy fur 1
a: Evoke Blink


You were on level 5 of the Dungeon.
You visited 1 branch of the dungeon, and saw 5 of its levels.

You collected 253 gold pieces.

Inventory:

Hand Weapons
 a - a +2 dagger (weapon)
 u - a +3 quarterstaff of chaos
Missiles
 d - 11 poisoned darts
 e - a curare-tipped dart
 i - 22 stones (quivered)
 E - a throwing net
Armour
 c - a +0 cloak (worn)
 o - a +0 pair of gloves (worn)
 y - the +0 robe "Hanoben" (worn) {Drain +Blink rC+++ Int+3}
   (You found it on level 3 of the Dungeon)

   Int:       It affects your intelligence (+3).
   rC:        It renders you almost immune to cold.
   +Blink:    It lets you blink.
   Drain:     It drains your maximum health when unequipped.
Magical Staves
 b - a staff of poison
Jewellery
 w - a ring of positive energy (left hand)
Wands
 s - a wand of flame (14)
 x - a wand of roots (8)
Scrolls
 f - a scroll of magic mapping {unknown}
 h - 3 scrolls of fog {unknown}
 j - a scroll of noise {unknown}
 k - 6 scrolls of identify {unknown}
 m - a scroll of butterflies {unknown}
 n - 2 scrolls of poison {unknown}
 p - 2 scrolls of vulnerability {unknown}
 r - 2 scrolls of teleportation {unknown}
 v - 2 scrolls of blinking {unknown}
 B - a scroll of amnesia {unknown}
 C - a scroll of acquirement {unknown}
Potions
 g - 2 potions of brilliance
 l - a potion of mutation
 q - 2 potions of haste {unknown}
 t - a potion of lignification {unknown}
 z - 3 potions of heal wounds


   Skills:
 + Level 4.4 Fighting
 * Level 6.0 Short Blades
 + Level 4.5 Throwing
 + Level 4.3 Dodging
 * Level 9.0 Stealth


You had 7 spell levels left.
You didn't know any spells.
Your spell library contained the following spells:

 Spells                   Type           Power      Damage    Failure   Level
 Apportation              Tloc           0%         N/A       26%         1
 Necrotise                Necr           0%         1d4       26%         1
 Shock                    Conj/Air       0%         1d3       26%         1
 Summon Small Mammal      Summ           0%         N/A       26%         1
 Ensorcelled Hibernation  Hex/Ice        0%         N/A       36%         2
 Passwall                 Tmut/Erth      0%         N/A       36%         2
 Call Canine Familiar     Summ           0%         N/A       58%         3
 Summon Guardian Golem    Hex/Summ       0%         N/A       58%         3
 Swiftness                Air            0%         N/A       58%         3
 Airstrike                Air            0%         2d(0-16)  94%         4


Dungeon Overview and Level Annotations

Branches:
Dungeon (5/15)
 Temple: D:4-7

Altars:
Ashenzari
Cheibriados
Zin


Innate Abilities, Weirdness & Mutations

You are small and have problems with some larger weapons.
You are completely attuned to the shadows.
You possess an exceptional clarity of mind.
You are covered in fur. (AC +1)


Message History

The iguana closely misses you.
You hit the iguana.
The iguana is moderately wounded.
The iguana bites you but does no damage.
You hit the iguana.
The iguana is heavily wounded.
You hit the iguana but do no damage.
The iguana is heavily wounded.
The iguana bites you.
You completely miss the iguana.
The iguana is heavily wounded.
The iguana bites you!
You hit the iguana but do no damage.
The iguana is heavily wounded.
You hit the iguana.
The iguana is heavily wounded.
The iguana bites you!
You hit the iguana but do no damage.
The iguana is heavily wounded.
The iguana misses you. The iguana attacks as you move away!
The iguana misses you. The iguana attacks as you move away!
The iguana barely misses you.
You hit the iguana but do no damage.
The iguana is heavily wounded.
You hit the iguana.
The iguana is severely wounded.
The iguana barely misses you.
You hit the iguana.
The iguana is severely wounded.
The iguana bites you!
* * * LOW HITPOINT WARNING * * *
The iguana attacks as you move away! The iguana misses you.
You see here a +0 club.
The iguana bites you!
* * * LOW HITPOINT WARNING * * *
The iguana attacks as you move away! The iguana closely misses you.
The iguana attacks as you move away! The iguana closely misses you.
The iguana attacks as you move away! The iguana closely misses you.
The iguana attacks as you move away! The iguana bites you!
You die...

###†............#.>.#............
.##........#....#...##........).#
####....#.###.).#....#.......)...
# ###..#####...##.......<.(.....
# #...##...................... #
####......................#.... #
#........................##....
####.#####..............#..#..##.
.###...#...<....@l##...##..... #.
................###...###.... #..
...............#####......... ...
...[.............# #..... ...
#.###........###.###...##
#####........# #......##
####>........# #....>.# #........
.##........ #...#...#.........
#...##.... ##.#.#............#


You could see an iguana.

Vanquished Creatures
  Grinder (D:5)
  Eustachio (D:5)
  A water moccasin (D:5)
  2 phantoms (D:5)
  3 hounds (D:5)
  An iron imp (D:4)
  Crazy Yiuf (D:2)
  2 iguanas (D:5)
  An orc wizard (D:4)
  3 gnolls (D:5)
  4 adders
  2 dart slugs
  3 orcs (D:4)
  8 ball pythons
  6 endoplasms
  A giant cockroach (D:1)
  7 goblins
  4 hobgoblins
  6 jackals
  4 kobolds
  A quokka (D:3)
  2 bats
  5 frilled lizards
  5 rats
74 creatures vanquished.

Vanquished Creatures (others)
  An angel (D:5)
1 creature vanquished.

Grand Total: 75 creatures vanquished

Notes
Turn   | Place    | Note
-------+----------+-------------------------------------------
     0 | D:1      | Foic the Kobold Brigand began the quest for the Orb.
     0 | D:1      | Reached XP level 1. HP: 12/12 MP: 1/1
   268 | D:1      | Reached XP level 2. HP: 15/18 MP: 2/2
   560 | D:1      | Found a faded altar of an unknown god.
   569 | D:1      | Reached XP level 3. HP: 22/22 MP: 3/3
  1248 | D:2      | Found a runed translucent door.
  1251 | D:2      | Noticed Crazy Yiuf
  1258 | D:2      | Killed Crazy Yiuf
  1259 | D:2      | Reached skill level 6 in Stealth
  1259 | D:2      | Reached XP level 4. HP: 19/27 MP: 4/4
  1721 | D:3      | Identified the +0 robe "Hanoben" {Drain +Blink rC+++ Int+3}
  2313 | D:4      | Found a snail-covered altar of Cheibriados.
  2318 | D:4      | Reached XP level 5. HP: 32/32 MP: 5/5
  2360 | D:4      | Gained mutation: You are covered in fur. (AC +1) [potion of
                  | mutation]
  2360 | D:4      | Gained mutation: You possess an exceptional clarity of
                  | mind. [potion of mutation]
  2740 | D:4      | Found a broken altar of Ashenzari.
  3117 | D:5      | Entered Level 5 of the Dungeon
  3128 | D:5      | Reached XP level 6. HP: 37/37 MP: 6/6
  3144 | D:5      | Found a glowing silver altar of Zin.
  3144 | D:5      | Noticed an angel
  3199 | D:5      | Noticed Grinder
  3222 | D:5      | Reached skill level 7 in Stealth
  3430 | D:5      | Noticed Eustachio
  3434 | D:5      | Killed Eustachio
  3435 | D:5      | Reached skill level 5 in Short Blades
  3435 | D:5      | Reached XP level 7. HP: 42/42 MP: 7/7
  3496 | D:5      | Reached skill level 8 in Stealth
  3630 | D:5      | Noticed a water moccasin
  3670 | D:5      | Killed a water moccasin
  3671 | D:5      | Reached XP level 8. HP: 27/48 MP: 8/8
  3866 | D:5      | Paralysed by Grinder for 5 turns
  3886 | D:5      | Killed Grinder
  3887 | D:5      | Reached skill level 9 in Stealth
  3996 | D:5      | Killed an angel
  4002 | D:5      | Slain by an iguana

Illustrated notes

Levels and vault maps discovered:
D:1:      dpeg_arrival_connections, layout_loops_cross,
          ebering_ecumenical_altar_abandoned
D:2:      layout_rooms, uniq_crazy_yiuf_cottage
D:3:      layout_loops_ring, grunt_decor_cap
D:4:      layout_basic, evilmike_ruin_ashenzari, slow_altar_1
D:5:      layout_cave_pools, grunt_temple_overflow_order_and_chaos_1,
          uniq_eustachio, uniq_grinder

Skill      XL: |  1  2  3  4  5  6  7  8 |
---------------+-------------------------+-----
Short Blades   | 3 4 5 6 |  6.0
Dodging        | 2 3 4 |  4.3
Stealth        | 6 7 8 9 |  9.0
Fighting       | 3 4 |  4.4
Throwing       | 3 4 |  4.5

Action                     |  1- 3 |  4- 6 |  7- 9 || total
---------------------------+-------+-------+-------++-------
  Melee: Dagger            |    74 |   132 |    64 ||   270
         Punch             |       |       |     1 ||     1
  Throw: Dart              |    11 |     4 |     5 ||    20
         Stone             |     1 |       |     7 ||     8
    Use: Potion            |       |     3 |     6 ||     9
   Stab: Sleeping          |    17 |    17 |     6 ||    40
         Distracted        |       |       |     1 ||     1
 Armour: Robe              |    12 |    22 |     6 ||    40
  Dodge: Dodged            |    26 |    80 |    37 ||   143
